 Dungeon Crawl Stone Soup version 0.23-a0-607-g760965b (webtiles) character file.

2 MisterFreud the Chiller (level 1, -1/13 HPs)
             Began as a Human Wanderer on Dec 20, 2018.
             Slain by a hobgoblin (2 damage)
             ... on level 1 of the Dungeon.
             The game lasted 00:01:41 (120 turns).

MisterFreud the Chiller (Human Wanderer)             Turns: 120, Time: 00:01:42

Health: -1/13      AC:  2    Str: 11    XL:     1   Next: 33%
Magic:  2/2        EV: 11    Int: 12    God:
Gold:   0          SH:  0    Dex: 13    Spells: 2/2 levels left

rFire    . . .     SeeInvis .   e - +0 dagger
rCold    . . .     Gourm    .   (no shield)
rNeg     . . .     Faith    .   a - +0 robe (curse)
rPois    .         Spirit   .   (no helmet)
rElec    .         Reflect  .   (no cloak)
rCorr    .         Harm     .   (no gloves)
MR       .....                  (no boots)
Stlth    ++........             (no amulet)
HPRegen  0.04/turn              (no ring)
MPRegen  0.08/turn              (no ring)

@: no status effects
A: no striking features
a: no special abilities


You were on level 1 of the Dungeon.
You were not hungry.

You visited 1 branch of the dungeon, and saw 1 of its levels.

Inventory:

Hand Weapons
 e - a +0 dagger (weapon)
Missiles
 b - 21 arrows
Armour
 a - a cursed +0 robe (worn)
Wands
 c - a wand of random effects (15)
Comestibles
 f - 3 rations


   Skills:
 + Level 0.6 Dodging
 - Level 1.0 Stealth
 - Level 1.0 Spellcasting
   Level 2.0 Charms
   Level 1.0 Summonings
   Level 4.0 Ice Magic
 - Level 1.0 Evocations


You had 2 spell levels left.
You didn't know any spells.
Your spell library contained the following spells:

 Spells                   Type           Power        Failure   Level  Hunger
 Apportation              Tloc           #.....       30%         1    ##.....
 Magic Dart               Conj           #...         30%         1    ##.....
 Call Imp                 Summ           #.......     30%         2    ###....
 Blink                    Tloc           N/A          41%         2    ###....
 Slow                     Hex            #.......     41%         2    ###....
 Conjure Flame            Conj/Fire      #.......     65%         3    ####...
 Mephitic Cloud           Conj/Pois/Air  #.......     65%         3    ####...
 Teleport Other           Tloc           #.......     65%         3    ####...


Dungeon Overview and Level Annotations

Branches:
Dungeon (1/15)

Altars:


Message History

No target in view!
A rat comes into view.
The hobgoblin shouts!
You hit the hobgoblin but do no damage. The hobgoblin hits you.
You barely miss the rat. The hobgoblin hits you. The rat barely misses you.
The hobgoblin misses you.
You hit the hobgoblin.
The hobgoblin is heavily wounded.
The hobgoblin closely misses you.
You hit the hobgoblin but do no damage.
The hobgoblin is heavily wounded.
The hobgoblin hits you.
You hit the hobgoblin.
The hobgoblin is almost dead.
The hobgoblin hits you.
* * * LOW HITPOINT WARNING * * *
You hit the hobgoblin but do no damage.
The hobgoblin is almost dead.
The hobgoblin hits you.
You die...

#......# #..# #......#
..# #......##### #.##
#..........# #..#
#.......##+## #..## .#
#...........###...# .#
#......#.....##r#.##
.###
#......#.....##g#..# ...
#####)######..@.##r##..#
##....#.....###..#..#
#.....##...## ##.#..#
#######..#..####....#
#...........##...#
#...........##...#
#.⌠...<[..⌠.##...#
#...[.......##...#
#.....^.....##...#


You could see a hobgoblin and a rat.

Vanquished Creatures
  A hobgoblin (D:1)
  A kobold (D:1)
2 creatures vanquished.

Notes
Turn   | Place    | Note
-------+----------+-------------------------------------------
     0 | D:1      | MisterFreud the Human Wanderer began the quest for the Orb.
     0 | D:1      | MisterFreud set off with the following items: a wand of
                  | random effects (15), a +0 robe, a +0 dagger, a ration; and
                  | the following spells available to memorise: Apportation,
                  | Magic Dart, Call Imp, Blink, Slow, Conjure Flame, Mephitic
                  | Cloud, Teleport Other
     0 | D:1      | Reached XP level 1. HP: 13/13 MP: 2/2
   120 | D:1      | Slain by a hobgoblin

Vault maps used:
D:1:      dpeg_arrival_arbitrary_c, minmay_liquid_box, minmay_pentomino_s2

Action                   || total
-------------------------++-------
Melee: Dagger            ||    11
Dodge: Dodged            ||     5

Table legend:
 A = Non-vault XP
 B = Vault XP
 C = Vault XP percentage of total XP
 D = Non-vault monster count
 E = Vault monster count
 F = Vault count percentage of total count
                 A         B        C        D         E       F
            +---------+---------+-------+---------+---------+-------
      Total |       3 |       0 |   0.0 |       2 |       0 |   0.0
            +---------+---------+-------+---------+---------+-------
        D:1 |       3 |       0 |   0.0 |       2 |       0 |   0.0
            +---------+---------+-------+---------+---------+-------
